 Dungeon Crawl Stone Soup version 0.28-a0-925-gd5e1996cdb (webtiles) character file.

Game seed: 6647892560199644632

19149 swappor the Peltast (level 12, -2/106 HPs)
             Began as a Minotaur Berserker on Nov 26, 2021.
             Was an Elder of Trog.
             Slain by Kirke (7 damage)
             ... on level 13 of the Dungeon on Nov 27, 2021.
             The game lasted 00:57:47 (17240 turns).

swappor the Peltast (Minotaur Berserker)           Turns: 17240, Time: 00:57:48

Health: -2/106     AC:  0    Str: 26    XL:     12   Next: 34%
Magic:  11/11      EV: 16    Int:  4    God:    Trog [****..]
Gold:   614        SH:  0    Dex: 11    Spells: 11/11 levels left

rFire   . . .      SeeInvis .   (weapon currently unavailable)
rCold   . . .      Faith    .   (shield currently unavailable)
rNeg    . . .      Spirit   .   (armour currently unavailable)
rPois   .          Reflect  .   (helmet currently unavailable)
rElec   .          Harm     .   (cloak currently unavailable)
rCorr   .          Rampage  .   (gloves currently unavailable)
Will    ++...                   (boots currently unavailable)
Stlth   +.........              (no amulet)
HPRegen 1.27/turn               (ring currently unavailable)
MPRegen 0.12/turn               (ring currently unavailable)

@: pig-form, strong-willed (expiring), regenerating (expiring), very quick
A: fast, no casting, small, (horns 2), (retaliatory headbutt)
a: Renounce Religion, Berserk, Trog's Hand, Brothers in Arms


You were on level 13 of the Dungeon.
You worshipped Trog.
Trog was greatly pleased with you.
You were a filthy swine.
You visited 1 branch of the dungeon, and saw 13 of its levels.

You collected 714 gold pieces.
You spent 100 gold pieces at shops.


Innate Abilities, Weirdness & Mutations

You are a filthy swine.
You move quickly.
Your equipment is almost entirely melded.
You are incapable of wielding weapons or throwing items.
You cannot cast spells.
((You have a pair of horns on your head.))
((You reflexively headbutt those who attack you in melee.))


   Skills:
 - Level 10.0 Fighting
 - Level 10.0 Axes
 + Level 8.4 Armour
 - Level 6.0 Dodging
 - Level 15.0 Shields
 - Level 8.0 Evocations


You had 11 spell levels left.
You didn't know any spells.
Your spell library contained the following spells:

 Spells                   Type           Power      Damage    Failure   Level
 Animate Skeleton         Necr           0%         N/A       50%         1
 Foxfire                  Conj/Fire      0%         2x1d4     50%         1
 Pain                     Necr           0%         1d4       50%         1
 Sandblast                Erth           0%         2d4       50%         1
 Shock                    Conj/Air       0%         1d3       50%         1
 Summon Small Mammal      Summ           0%         N/A       50%         1
 Passwall                 Tmut/Erth      0%         N/A       65%         2
 Call Canine Familiar     Summ           0%         N/A       86%         3
 Conjure Flame            Conj/Fire      0%         6-21      86%         3
 Inner Flame              Hex/Fire       0%         N/A       86%         3
 Stone Arrow              Conj/Erth      0%         3d7       86%         3
 Summon Guardian Golem    Hex/Summ       0%         N/A       86%         3
 Swiftness                Air            0%         N/A       86%         3
 Vampiric Draining        Necr           0%         2d6       86%         3
 Airstrike                Air            0%         N/A       99%         4
 Flame Wave               Conj/Fire      0%         3d3       99%         4
 Blade Hands              Tmut           0%         N/A       100%        5
 Irradiate                Conj/Tmut      0%         3d13      100%        5
 Dragon Form              Tmut           0%         N/A       100%        7

Inventory:

Hand Weapons
 a - the +1 war axe of Mouroiba (melded) {vamp, rPois}
   (You found it on level 7 of the Dungeon)

   It occasionally heals its wielder for a portion of the damage dealt when it
   wounds a living foe.
   rPois:     It protects you from poison.
 b - a +4 hunting sling
   (You found it on level 7 of the Dungeon)
 c - a +0 war axe of flaming
   (You found it on level 12 of the Dungeon)
Missiles
 d - 118 sling bullets
 j - 2 silver boomerangs
 y - 24 stones (quivered)
Armour
 i - a +0 buckler (melded)
   (You found it on level 2 of the Dungeon)
 o - a +1 cloak (melded)
   (You took it off Crazy Yiuf on level 5 of the Dungeon)
 p - a +0 plate armour (melded)
   (You took it off an orc warrior on level 9 of the Dungeon)
 B - a +2 pair of boots (melded)
   (You found it on level 8 of the Dungeon)
 E - a +0 pair of gloves (melded)
   (You found it on level 10 of the Dungeon)
Jewellery
 v - a ring of see invisible (melded)
   (You found it on level 6 of the Dungeon)
 P - a ring of poison resistance (melded)
   (You found it on level 5 of the Dungeon)
Wands
 f - a wand of iceblast (7)
   (You found it on level 7 of the Dungeon)
 q - a wand of flame (19)
   (You found it on level 5 of the Dungeon)
 t - a wand of paralysis (10)
   (You found it on level 6 of the Dungeon)
 C - a wand of charming (18)
   (You found it on level 8 of the Dungeon)
 L - a wand of acid (9)
   (You found it on level 11 of the Dungeon)
Scrolls
 g - 5 scrolls of teleportation {@r4}
 h - 7 scrolls of immolation {!r!r}
 s - a scroll of fear
 u - 2 scrolls of magic mapping {!r}
 w - a scroll of blinking {!r}
 x - 4 scrolls of fog
 D - a scroll of vulnerability {!r!r}
 G - a scroll of enchant armour
 H - 2 scrolls of brand weapon
 M - a scroll of enchant weapon
Potions
 e - 5 potions of curing {@q1}
 k - 3 potions of might
 l - 2 potions of heal wounds {@q2}
 m - 2 potions of haste {@q3}
 n - 3 potions of flight
 r - a potion of attraction {!q}
 z - 3 potions of ambrosia
 A - a potion of resistance
 K - a potion of lignification {!q}
Miscellaneous
 F - a box of beasts (inert)
   (You found it on level 10 of the Dungeon)
 J - a tin of tremorstones (inert)
   (You found it on level 11 of the Dungeon)

Dungeon Overview and Level Annotations

Branches:
Dungeon (13/15)            Temple (0/1) D:5            Lair (0/6) D:8
    Orc (0/2) D:9
 Vaults: D:13-14

Altars:
Cheibriados
Fedhas
Okawaru
Sif Muna
Wu Jian
Yredelemnul
Zin

Shops:
D:6 [!:(!   D:7 (   D:8 [

Annotations:
D:13 Kirke

#.......+
#.......#
#.......#
###.....#
#.....# #.....#
....... #....c#
.......##...cc#
.......#...c@h#
.....#...hc##
....#.....#
#..#.....#
#..#.....#
#..'.....#
#..#(#####
#..#.# #..###


You could see Kirke, a centaur warrior, a hog and 4 centaurs.


Message History

The centaur warrior closely misses you. You furiously retaliate!
You headbutt the centaur warrior.
The centaur warrior kicks you but does no damage. 😕 HP[+2]
You regained 2 hp, and now have 99/106 hp.
You hit the centaur warrior. You slash the centaur!
You feel better.
You closely miss the centaur. You slash Kirke!
The centaur hits you but does no damage.
The centaur kicks you but does no damage.
The centaur hits you but does no damage.
The centaur kicks you but does no damage.
The centaur warrior closely misses you. You furiously retaliate!
You headbutt the centaur warrior.
The centaur warrior kicks you but does no damage.
Kirke casts a spell at you.
You turn into a filthy swine.
The +1 war axe of Mouroiba {vamp, rPois} melds into your body.
Your +1 cloak melds into your body.
Your +0 pair of gloves melds into your body.
Your +2 pair of boots melds into your body.
Your +0 buckler melds into your body.
Your +0 plate armour melds into your body.
Your ring of poison resistance melds into your body.
Your ring of see invisible melds into your body.
You feel the dreadful sensation subside.
The centaur misses you. x2; The centaur warrior hits you.
The centaur warrior kicks you. 😕 HP[-2]
You take 2 damage, and now have 97/106 hp.
You hit the centaur.
The centaur wields a +0 shortbow.
The centaur shoots an arrow.
The arrow hits you!
The centaur unwields a +0 shortbow.
The centaur closely misses you. The centaur kicks you.
Kirke closely misses you. The centaur hits you! The centaur misses you.
The centaur hits you. The centaur barely misses you.
The centaur warrior closely misses you.
The centaur warrior barely misses you. 😮 HP[-23]
You take 23 damage, and now have 74/106 hp.
MASSIVE DAMAGE!! (PAUSE)
The centaur wields a +0 shortbow.
The centaur shoots an arrow.
The arrow misses you.
The centaur wields a +0 shortbow.
The centaur shoots an arrow.
The arrow hits you. The centaur misses you. The centaur kicks you.
The centaur warrior wields a +0 longbow.
The centaur warrior shoots an arrow.
The arrow hits you!!
* * * LOW HITPOINT WARNING * * *
😨 HP[-34]
You take 34 damage, and now have 40/106 hp.
MASSIVE DAMAGE!! (PAUSE)
You feel the effects of Trog's Hand fading.
The centaur hits you.
* * * LOW HITPOINT WARNING * * *
The centaur completely misses you.
You closely miss the centaur.
The centaur unwields a +0 shortbow.
The centaur misses you.
The centaur closely misses you. 😨 HP[+1]
You closely miss Kirke. The centaur hits you.
* * * LOW HITPOINT WARNING * * *
The centaur misses you. The centaur hits you.
* * * LOW HITPOINT WARNING * * *
The centaur completely misses you.
The centaur unwields a +0 shortbow.
The centaur hits you.
* * * LOW HITPOINT WARNING * * *
The centaur barely misses you. Kirke closely misses you. The centaur hits you.
* * * LOW HITPOINT WARNING * * *
The centaur kicks you.
* * * LOW HITPOINT WARNING * * *
The centaur misses you.
The centaur closely misses you. 😱 HP[-16]
You take 16 damage, and now have 25/106 hp.
You hit Kirke. The centaur hits you.
* * * LOW HITPOINT WARNING * * *
The centaur misses you. Kirke gestures at you while chanting.
You resist with almost no effort. The centaur barely misses you.
The centaur closely misses you. The centaur hits you.
* * * LOW HITPOINT WARNING * * *
The centaur misses you. 😱 HP[-9]
You take 9 damage, and now have 16/106 hp.
You hit Kirke. The centaur closely misses you. The centaur misses you.
The centaur completely misses you. x2
Kirke points at you and mumbles some strange words.
You resist with almost no effort. 😱 HP[+1]
You closely miss Kirke. The centaur closely misses you.
The centaur barely misses you. The centaur hits you.
* * * LOW HITPOINT WARNING * * *
The centaur closely misses you.
The centaur warrior unwields a +0 longbow.
The centaur warrior closely misses you. The centaur warrior kicks you.
* * * LOW HITPOINT WARNING * * *
😱 HP[-8]
You take 8 damage, and now have 9/106 hp.
You hit Kirke but do no damage. The centaur closely misses you.
The centaur misses you. The centaur hits you.
* * * LOW HITPOINT WARNING * * *
The centaur kicks you.
* * * LOW HITPOINT WARNING * * *
Kirke hits you!
You die...

Skill      XL: |  1  2  3  4  5  6  7  8  9 10 11 12 |
---------------+-------------------------------------+-----
Axes           | 4 5 6 9 10 | 10.0
Fighting       | 5 6 10 | 10.0
Shields        | 3 5 8 14 15 | 15.0
Armour         | 5 6 8 |  8.4
Dodging        | 4 6 |  6.0
Evocations     | 7 8 |  8.0

Action                   |  1- 3 |  4- 6 |  7- 9 | 10-12 || total
-------------------------+-------+-------+-------+-------++-------
Melee: Hand axe          |    76 |     3 |       |       ||    79
       Headbutt          |    15 |    13 |    56 |   118 ||   202
       War axe           |       |    61 |   253 |   552 ||   866
       Unarmed           |       |       |       |     7 ||     7
 Fire: Hunting sling     |       |     5 |     7 |       ||    12
Invok: Berserk           |     1 |     2 |    10 |     7 ||    20
       Trog's Hand       |       |       |     1 |     6 ||     7
Evoke: Wand              |       |       |     1 |     5 ||     6
       Box of beasts     |       |       |       |     2 ||     2
       Tin of tremorston |       |       |       |     2 ||     2
  Use: Scroll            |     2 |     1 |     9 |     9 ||    21
Armor: Animal skin       |    13 |       |       |       ||    13
       Leather armour    |     3 |       |       |       ||     3
       Chain mail        |    15 |    36 |   139 |    35 ||   225
       Plate armour      |       |       |       |   396 ||   396
Dodge: Dodged            |    33 |    16 |   124 |   289 ||   462
Block: Buckler           |     2 |    12 |    59 |   210 ||   283

Levels and vault maps discovered:
D:1:      evilmike_arrival_home_sweet_home, layout_basic,
          nicolae_ecumenical_lake_church
D:2:      layout_loops_ring, basic_altar, minmay_quantized
D:3:      layout_basic, yredelemnul_altar_generic, minmay_cupped, uniq_sigmund
D:4:      layout_loops_ring, nicolae_sif_muna_condensation
D:5:      layout_gridville, kennysheep_mini_moat, minmay_temple_entry_offerings,
          uniq_crazy_yiuf_cottage
D:6:      minmay_recursive_quarters, layout_basic, okawaru_gym_becter,
          serial_shops, shop, nicolae_shop_crystal, shop,
          nicolae_shop_hallway_stairs, shop, uniq_duvessa
D:7:      layout_gridville, serial_shops, shop, minmay_misc_feat_ornament,
          chequers_serial_rivers_small_3
D:8:      layout_cave_pools, nicolae_overflow_crystal_walls,
          minmay_lair_entry_grove, serial_gnoll_camp, gnoll_camp_mini_hut,
          gnoll_camp_mini_hut, grums_kennel, gnoll_camp_mini_shop,
          gnoll_camp_mini_hut
D:9:      layout_loops_ring, mainiacjoe_overflow_24_doors, erik_orc_1,
          minivault_7
D:10:     layout_layer_cave
D:11:     layout_roguey, lightli_wizard_tower
D:12:     layout_loops_cross, uniq_frances
D:13:     layout_irregular_city, ximxim_vaults_locker_room, uniq_kirke,
          uniq_erolcha

Notes
Turn   | Place    | Note
-------+----------+-------------------------------------------
     0 | D:1      | swappor the Minotaur Berserker began the quest for the Orb.
     0 | D:1      | Reached XP level 1. HP: 19/19 MP: 0/0
     0 | D:1      | magus.rc [v1.11.2]
   198 | D:1      | Reached skill level 4 in Axes
   382 | D:1      | Reached XP level 2. HP: 16/26 MP: 1/1
   578 | D:1      | Found a faded altar of an unknown god.
   946 | D:1      | magus.rc [v1.11.2]
  1101 | D:2      | Reached skill level 5 in Axes
  1101 | D:2      | Reached XP level 3. HP: 10/31 MP: 2/2
  1734 | D:2      | Found a snail-covered altar of Cheibriados.
  2001 | D:3      | Found a basalt altar of Yredelemnul.
  2009 | D:3      | You pick up a book of Necromancy {forbidden} and begin
                  | reading...
  2009 | D:3      | You add the spells Pain, Animate Skeleton and Vampiric
                  | Draining to your library.
  2486 | D:3      | Noticed Sigmund
  2682 | D:3      | Reached XP level 4. HP: 30/39 MP: 3/3
  2697 | D:3      | Reached skill level 6 in Axes
  2884 | D:3      | Noticed a black bear
  2890 | D:3      | Killed a black bear
  2891 | D:3      | Reached skill level 5 in Fighting
  2891 | D:3      | Reached XP level 5. HP: 48/48 MP: 4/4
  3206 | D:3      | Killed Sigmund
  3207 | D:3      | Reached skill level 6 in Fighting
  3207 | D:3      | Reached skill level 3 in Shields
  3207 | D:3      | Reached XP level 6. HP: 57/57 MP: 5/5
  3226 | D:3      | Reached skill level 4 in Shields
  3826 | D:4      | Reached ** piety under Trog
  4034 | D:4      | Found a shimmering blue altar of Sif Muna.
  4118 | D:4      | Reached skill level 5 in Shields
  4244 | D:4      | Reached XP level 7. HP: 63/63 MP: 6/6
  4573 | D:5      | Entered Level 5 of the Dungeon
  4573 | D:5      | Found the +8 glaive of the Guard {elec, spectral, AC+5}
  4630 | D:4      | Reached skill level 3 in Armour
  4661 | D:5      | Reached skill level 3 in Dodging
  4837 | D:5      | You pick up a book of Flames {forbidden} and begin
                  | reading...
  4837 | D:5      | You add the spells Foxfire, Conjure Flame, Inner Flame and
                  | Flame Wave to your library.
  4854 | D:5      | Found a staircase to the Ecumenical Temple.
  4928 | D:5      | You pick up a book of Geomancy {forbidden} and begin
                  | reading...
  4928 | D:5      | You add the spells Sandblast, Passwall and Stone Arrow to
                  | your library.
  4962 | D:5      | Reached skill level 4 in Armour
  5141 | D:5      | Found a glowing silver altar of Zin.
  5216 | D:5      | Found a runed translucent door.
  5217 | D:5      | Noticed Crazy Yiuf
  5684 | D:5      | Killed Crazy Yiuf
  5907 | D:6      | Found Xuoffixe's Distillery.
  5910 | D:6      | Found Waqopie Yrib's Armour Emporium.
  5955 | D:6      | Bought a potion of haste for 100 gold pieces
  6007 | D:6      | Reached skill level 4 in Dodging
  6069 | D:6      | Reached skill level 5 in Armour
  6153 | D:6      | Reached XP level 8. HP: 68/70 MP: 7/7
  6185 | D:6      | Reached skill level 5 in Dodging
  6211 | D:6      | Found an iron altar of Okawaru.
  6355 | D:6      | Found Vocrim's Weapon Boutique.
  6437 | D:6      | Reached skill level 6 in Armour
  6437 | D:6      | Reached skill level 6 in Dodging
  6547 | D:6      | Reached skill level 7 in Axes
  6711 | D:6      | Found Xesat's Distillery.
  6956 | D:6      | Reached skill level 8 in Axes
  6976 | D:6      | Found Zaetid's Book Emporium.
  7048 | D:6      | Noticed Duvessa
  7048 | D:6      | Noticed Dowan
  7107 | D:6      | Killed Duvessa
  7194 | D:6      | Killed Dowan
  7543 | D:7      | Reached skill level 9 in Axes
  7845 | D:7      | Found Doxt's Weapon Emporium.
  7863 | D:7      | Reached XP level 9. HP: 75/75 MP: 8/8
  8055 | D:7      | Identified the +1 war axe of Mouroiba {vamp, rPois}
  8082 | D:7      | Reached skill level 10 in Axes
  8287 | D:7      | Noticed a boulder beetle
  8668 | D:7      | Killed a boulder beetle
  8669 | D:7      | Reached skill level 4 in Evocations
  8805 | D:7      | You pick up a book of Callings {forbidden} and begin
                  | reading...
  8805 | D:7      | You add the spells Summon Small Mammal, Call Canine
                  | Familiar and Summon Guardian Golem to your library.
  8967 | D:8      | Reached skill level 5 in Evocations
  9205 | D:8      | Reached skill level 6 in Evocations
  9487 | D:8      | Found a staircase to the Lair.
  9494 | D:8      | Reached skill level 7 in Evocations
  9665 | D:8      | Reached XP level 10. HP: 73/83 MP: 9/9
  9738 | D:8      | Found Luaral's Armour Boutique.
  9961 | D:7      | Reached skill level 8 in Evocations
  9978 | D:8      | Reached skill level 7 in Fighting
 10086 | D:8      | Found an ornate altar of the Wu Jian Council.
 10229 | D:8      | Noticed Grum
 10237 | D:8      | Killed Grum
 10238 | D:8      | Reached skill level 8 in Fighting
 10728 | D:9      | Reached skill level 9 in Fighting
 10740 | D:9      | Found a blossoming altar of Fedhas.
 11093 | D:9      | Reached *** piety under Trog
 11163 | D:9      | Found a staircase to the Orcish Mines.
 11208 | D:9      | Reached skill level 10 in Fighting
 11416 | D:9      | You fall into a shaft and drop 1 floor!
 11416 | D:10     | Entered Level 10 of the Dungeon
 11531 | D:9      | Reached skill level 6 in Shields
 11912 | D:9      | Reached skill level 7 in Shields
 12520 | D:9      | Reached skill level 8 in Shields
 12520 | D:9      | Reached XP level 11. HP: 95/99 MP: 10/10
 13137 | D:10     | Reached **** piety under Trog
 13270 | D:10     | Reached skill level 9 in Shields
 13442 | D:10     | You pick up a book of Transfigurations {forbidden} and
                  | begin reading...
 13442 | D:10     | You add the spells Irradiate, Blade Hands and Dragon Form
                  | to your library.
 13973 | D:11     | You fall into a shaft and drop 1 floor!
 13973 | D:12     | Noticed a deep elf pyromancer
 13987 | D:12     | Killed a deep elf pyromancer
 13988 | D:12     | Reached skill level 10 in Shields
 13996 | D:12     | Noticed Frances
 14004 | D:12     | Noticed a sixfirhy
 14010 | D:12     | Killed Frances
 14011 | D:12     | Reached skill level 11 in Shields
 14011 | D:12     | Noticed an eight-headed hydra
 14204 | D:12     | Noticed a wizard
 14225 | D:12     | Killed a wizard
 14226 | D:12     | Reached skill level 12 in Shields
 14287 | D:12     | Noticed a two-headed ogre
 15318 | D:11     | Reached skill level 13 in Shields
 15357 | D:11     | Noticed a wizard
 15367 | D:11     | Killed a wizard
 15383 | D:11     | You pick up a book of Air {forbidden} and begin reading...
 15383 | D:11     | You add the spells Shock, Swiftness and Airstrike to your
                  | library.
 15537 | D:11     | Noticed a boulder beetle
 15552 | D:11     | Killed a boulder beetle
 15553 | D:11     | Reached skill level 14 in Shields
 15861 | D:11     | Reached XP level 12. HP: 71/106 MP: 11/11
 16542 | D:12     | Killed a two-headed ogre
 16543 | D:12     | Reached skill level 15 in Shields
 16728 | D:12     | Identified the +5 scale mail of Negation {rPois rC+ Int-5
                  | SInv}
 16888 | D:12     | Reached skill level 7 in Armour
 17024 | D:12     | Killed a seven-headed hydra
 17195 | D:13     | Reached skill level 8 in Armour
 17204 | D:13     | Noticed a centaur warrior
 17205 | D:13     | Noticed Kirke
 17236 | D:13     | HP: 25/106 [centaur[a centaur warrior] (3)]
 17239 | D:13     | HP: 9/106 [centaur warrior (5)]
 17240 | D:13     | Slain by Kirke

Vanquished Creatures
  Frances (D:12)
  2 boulder beetles
  A hydra (D:12)
  A two-headed ogre (D:12)
  2 wizards
  A deep elf pyromancer (D:12)
  2 manticores
  An unseen horror (D:12)
  A gargoyle (D:11)
  A queen bee (D:9)
  4 trolls
  3 hornets
  A meliai zombie (D:11)
  A slime creature (D:13)
  Sigmund (D:3)
  2 wraiths
  A shadow (D:11)
  2 hogs (D:12)
  3 wyverns
  2 basilisks (D:8)
  Grum (D:8)
  14 yaks
  3 vampire mosquitoes (D:12)
  A steam dragon (D:6)
  2 acid dragons
  Duvessa (D:6)
  4 water moccasins
  6 orc warriors
  A swamp drake (D:9)
  A sky beast (D:7)
  2 black bears
  10 centaurs
  A kobold brigand (D:6)
  2 bullfrogs
  3 gnoll sergeants (D:8)
  2 scorpions (D:7)
  Dowan (D:6)
  A water moccasin zombie (D:5)
  22 killer bees
  5 wights (D:6)
  A crimson imp (D:11)
  7 centaur zombies
  9 hounds
  6 orc priests
  Crazy Yiuf (D:5)
  5 bullfrog skeletons
  2 centaur skeletons
  4 iguanas
  14 orc wizards
  A hound skeleton (D:4)
  A howler monkey zombie (D:10)
  3 gnolls (D:8)
  6 adders
  2 shadow imps
  2 ufetubi
  3 worms
  A dart slug (D:1)
  40 orcs
  8 ball pythons
  5 bats
  8 endoplasms
  A giant cockroach (D:4)
  3 hobgoblins
  A quokka (D:3)
  2 frilled lizards
  4 goblins
  4 kobolds
  3 rats
263 creatures vanquished.

Vanquished Creatures (collateral kills)
  A vampire mosquito (D:12)
1 creature vanquished.

Vanquished Creatures (others)
  An orc (D:6)
  4 fungi (D:8)
  14 plants (D:8)
  A withered plant (D:3)
20 creatures vanquished.

Grand Total: 284 creatures vanquished

Table legend:
 A = Non-vault XP
 B = Vault XP
 C = Vault XP percentage of total XP
 D = Non-vault monster count
 E = Vault monster count
 F = Vault count percentage of total count
                 A         B        C        D         E       F
            +---------+---------+-------+---------+---------+-------
      Total |   19131 |    8226 |  30.1 |     184 |      80 |  30.3
            +---------+---------+-------+---------+---------+-------
        D:1 |      19 |       0 |   0.0 |      11 |       0 |   0.0
        D:2 |      24 |      17 |  41.5 |       6 |       3 |  33.3
        D:3 |     222 |     249 |  52.9 |      22 |       5 |  18.5
        D:4 |     268 |       0 |   0.0 |      15 |       0 |   0.0
        D:5 |     258 |      41 |  13.7 |       7 |       1 |  12.5
        D:6 |     810 |     559 |  40.8 |      19 |       7 |  26.9
        D:7 |    1408 |     620 |  30.6 |      12 |       3 |  20.0
        D:8 |    1363 |    2607 |  65.7 |       7 |      27 |  79.4
        D:9 |    1052 |    1580 |  60.0 |      20 |      29 |  59.2
       D:10 |    1804 |       0 |   0.0 |      19 |       0 |   0.0
       D:11 |    5952 |     682 |  10.3 |      29 |       2 |   6.5
       D:12 |    5337 |    1871 |  26.0 |      14 |       3 |  17.6
       D:13 |     614 |       0 |   0.0 |       3 |       0 |   0.0
            +---------+---------+-------+---------+---------+-------

Illustrated notes

Table legend:
 A = Kills in this place as a percentage of kills in entire the game.
 B = Kills by you in this place as a percentage of kills by you in the entire game.
 C = Kills by friends in this place as a percentage of kills by friends in the entire game.
 D = Other kills in this place as a percentage of other kills in the entire game.
 E = Experience gained in this place as a percentage of experience gained in the entire game.
 F = Experience gained in this place divided by the number of levels of this place that you have seen.
                   A       B       C       D       E      F
               +-------+-------+-------+-------+-------+----------------------
         Total | 100.0 | 100.0 | 100.0 |   N/A | 100.0 | 2104.4
       Dungeon | 100.0 | 100.0 | 100.0 |   N/A | 100.0 | 2104.4
               +-------+-------+-------+-------+-------+----------------------

Table legend: (Time is in decaauts)
 A = Elapsed time spent in this place.
 B = Non-inter-level travel time spent in this place.
 C = Inter-level travel time spent in this place.
 D = Time resting spent in this place.
 E = Time spent auto-exploring this place.
 F = Levels seen in this place.
 G = Mean time per level.
                   A        B        C        D        E       F      G
               +--------+--------+--------+--------+--------+-----+--------+
         Total |  17516 |  16917 |    599 |   2925 |   9988 |  13 | 1347.4 |
       Dungeon |  17516 |  16917 |    599 |   2925 |   9988 |  13 | 1347.4 |
               +--------+--------+--------+--------+--------+-----+--------+

Top non-repeatable levels by time:
     D:8: 2340 daAuts
    D:11: 1897 daAuts
     D:3: 1782 daAuts
     D:6: 1762 daAuts
     D:7: 1575 daAuts
     D:9: 1564 daAuts
    D:12: 1406 daAuts
     D:5: 1189 daAuts
    D:10: 1022 daAuts
     D:1: 1003 daAuts
     D:2: 946 daAuts
     D:4: 941 daAuts
    D:13: 85 daAuts
